 Dungeon Crawl Stone Soup version 0.29-a0-887-gcbe080d7e0 (webtiles) character file.

Game seed: 5493823201209185392

8751 concernfroge the Spear-Bearer (level 11, -3/90 HPs)
             Began as a Mummy Monk on July 21, 2022.
             Was an Initiate of Gozag.
             Slain by a manticore (5 damage)
             ... on level 11 of the Dungeon on July 22, 2022.
             The game lasted 00:40:25 (12211 turns).

concernfroge the Spear-Bearer (Mummy Monk)         Turns: 12211, Time: 00:40:26

Health: -3/90      AC: 15    Str: 19    XL:     11   Next: 14%
Magic:  0/11       EV: 15    Int: 10    God:    Gozag
Gold:   1592       SH:  0    Dex: 14    Spells: 10/10 levels left

rFire   + . .      SeeInvis +   b - +5 scythe
rCold   + + .      Faith    .   (shield currently unavailable)
rNeg    + + +      Spirit   +   c - +4 ring mail {rF+}
rPois   ∞          Reflect  .   g - +2 helmet
rElec   .          Harm     .   k - scarf {rC+ rF+}
rCorr   .          Rampage  .   (no gloves)
Will    +....                   v - +2 pair of boots
Stlth   ..........              e - amulet of guardian spirit
HPRegen 0.25/turn               a - +4 ring of evasion
MPRegen 0.12/turn               i - ring of see invisible

@: confused, spiked
A: cold resistance 1, negative energy resistance 3, torment resistance 2, heat
vulnerability 1, in touch with death 1, no potions
a: Renounce Religion, Potion Petition, Call Merchant, Bribe Branch


You were on level 11 of the Dungeon.
You worshipped Gozag.
Gozag was most pleased with you.
You visited 2 branches of the dungeon, and saw 12 of its levels.
You also visited: Ossuary.

You collected 1802 gold pieces.
You spent 210 gold pieces at shops.

Inventory:

Hand Weapons
 b - a +5 scythe (weapon)
 f - a +0 halberd
 w - a +0 glaive
Missiles
 s - a throwing net
Armour
 c - a +4 ring mail of fire resistance (worn)
 g - a +2 helmet (worn)
 k - a scarf of resistance (worn)
 v - a +2 pair of boots (worn)
Jewellery
 a - a +4 ring of evasion (left hand)
 e - an amulet of guardian spirit (around neck)
 i - a ring of see invisible (right hand)
 y - a ring of flight
Wands
 l - a wand of polymorph (16)
 m - a wand of iceblast (5)
 q - a wand of flame (16) (quivered)
 t - a wand of charming (9)
Scrolls
 d - 2 scrolls of teleportation
 h - 2 scrolls of amnesia
 j - a scroll of enchant armour
 n - 3 scrolls of magic mapping
 o - a scroll of blinking
 p - 2 scrolls of identify
 r - a scroll of fog
 u - a scroll of vulnerability
 x - a scroll of enchant weapon


   Skills:
 - Level 10.0 Fighting
 + Level 12.5 Polearms
 - Level 2.4 Dodging
 - Level 1.5 Stealth


You had 10 spell levels left.
You didn't know any spells.
Your spell library contained the following spells:

 Spells                   Type           Power      Damage    Failure   Level
 Foxfire                  Conj/Fire      0%         2x1d4     54%         1
 Magic Dart               Conj           0%         1d3       54%         1
 Call Imp                 Summ           0%         N/A       69%         2
 Conjure Flame            Conj/Fire      0%         6-21      89%         3
 Inner Flame              Hex/Fire       0%         N/A       89%         3
 Mephitic Cloud           Conj/Pois/Air  0%         N/A       89%         3
 Flame Wave               Conj/Fire      0%         2d4       100%        4
 Malign Gateway           Summ/Tloc      0%         N/A       100%        7
 Summon Horrible Things   Summ           0%         N/A       100%        8


Dungeon Overview and Level Annotations

Branches:
Dungeon (11/15)            Temple (1/1) D:6            Lair (0/5) D:11
    Orc (0/2) D:11        Ossuary (visited)

Altars:
Ashenzari
Cheibriados
Dithmenos
Fedhas
Gozag
Hepliaklqana
Kikubaaqudgha
Makhleb
Nemelex Xobeh
Okawaru
Qazlal
Ru
Sif Muna
Trog
Uskayaw
Vehumet
Wu Jian
Xom
Yredelemnul

Shops:
D:3 =


Innate Abilities, Weirdness & Mutations

You are immune to poison.
Your flesh is cold resistant. (rC+)
You are immune to negative energy. (rN+++)
You are immune to unholy pain and torment.
You are vulnerable to heat. (rF-)
You are in touch with the powers of death.
You do not drink.


Message History

Okay, then.
You are too confused!
The barbs in your skin will harm you if you move.
Continue?
Okay, then.
The vampire gestures at you while chanting.
You are more confused.
The orc completely misses you. The manticore bites you.
The manticore misses you. The manticore claws you.
The orc completely misses you.
The vampire hits you but does no damage.
The vampire barely misses you. The manticore bites you!
The manticore claws you! The manticore misses you.
The orc hits you but does no damage. The vampire closely misses you.
The vampire bites you but does no damage.
The manticore bites you.
* * * LOW HITPOINT WARNING * * *
The manticore closely misses you. x2
The vampire barely misses you. The vampire bites you.
* * * LOW HITPOINT WARNING * * *
The orc closely misses you. The manticore bites you.
* * * LOW HITPOINT WARNING * * *
The manticore claws you but does no damage.
The manticore closely misses you. The orc hits you but does no damage.
The vampire barely misses you. The vampire bites you.
* * * LOW HITPOINT WARNING * * *
The manticore bites you.
* * * LOW HITPOINT WARNING * * *
The manticore barely misses you. The manticore misses you.
The orc hits you with a +0 mace.
* * * LOW HITPOINT WARNING * * *
The vampire hits you.
* * * LOW HITPOINT WARNING * * *
The vampire bites you.
* * * LOW HITPOINT WARNING * * *
The manticore bites you.
* * * LOW HITPOINT WARNING * * *
The manticore claws you.
You die...
Your body crumbles into a pile of gold.

.# ##.°... .# ##...#
#.# #..## .. ###.##
##.## #...### ####...
###.#.#..
###.B..######.....###
#...oV...#.^.o!8.....
#...#.@###.#...........
# #.H## #..o.........)
...$. #..8....>....8
#.##.. ##............
.. ... ##........... #
#.#. #.....8..... #.#.
####.!...### ..##
###.### #..


You could see a boulder beetle, a manticore, a vampire (invisible) and an orc.

Vanquished Creatures
  Pikel (D:7)
  An elephant (D:11)
  A troll (D:9)
  A hornet (D:10)
  Sigmund (D:4)
  2 wyverns (D:9)
  A steam dragon (D:6)
  22 yaks
  2 basilisks (D:11)
  Menkaure (Ossuary)
  2 acid dragons (D:9)
  A water moccasin (D:7)
  Duvessa (D:5)
  A black bear (D:6)
  3 orc warriors
  An ice beast (D:7)
  An ogre (D:5)
  2 centaurs
  4 kobold brigands
  5 bullfrogs
  A necrophage (D:6)
  5 wights (D:6)
  Dowan (D:5)
  A howler monkey (D:9)
  2 jellies
  6 orc priests
  2 gnoll boudas
  A hound (D:6)
  5 iguanas
  Natasha (twice) (D:3)
  15 orc wizards
  3 mummies (Ossuary)
  Robin (D:3)
  16 gnolls
  3 adders
  A worm (D:2)
  3 dart slugs
  45 orcs
  2 ball pythons (D:2)
  8 endoplasms
  2 giant cockroaches
  5 gnoll zombies (Ossuary)
  17 goblins
  6 hobgoblins
  3 jackals (D:2)
  8 quokkas
  6 bats
  2 frilled lizards (D:1)
  A gnoll skeleton (Ossuary)
  4 goblin skeletons (Ossuary)
  5 goblin zombies (Ossuary)
  3 hobgoblin skeletons (Ossuary)
  4 hobgoblin zombies (Ossuary)
  15 kobolds
  4 kobold skeletons (Ossuary)
  4 kobold zombies (Ossuary)
  5 orc skeletons (Ossuary)
  7 orc zombies (Ossuary)
  6 rats
  8 rat skeletons (Ossuary)
  A spectral orc (D:9)
293 creatures vanquished.

Vanquished Creatures (others)
  An orc wizard (D:5)
  17 fungi (D:8)
  5 plants
23 creatures vanquished.

Grand Total: 316 creatures vanquished

Notes
Turn   | Place    | Note
-------+----------+-------------------------------------------
     0 | D:1      | concernfroge the Mummy Monk began the quest for the Orb.
     0 | D:1      | Reached XP level 1. HP: 18/18 MP: 1/1
   253 | D:1      | Reached XP level 2. HP: 24/24 MP: 2/2
   997 | D:2      | HP: 1/25 [worm (8)]
  1345 | D:2      | Gained mutation: You are in touch with the powers of death.
                  | [Mummy growth]
  1345 | D:2      | Reached XP level 3. HP: 29/30 MP: 3/3
  2043 | D:2      | Reached XP level 4. HP: 24/38 MP: 0/4
  2054 | D:2      | Reached skill level 5 in Fighting
  2549 | D:3      | Found Veivu's Jewellery Shop.
  2754 | D:3      | Found a sacrificial altar of Ru.
  2851 | D:3      | Bought a ring of see invisible for 210 gold pieces
  2925 | D:3      | Found a hazy altar of Hepliaklqana.
  3013 | D:3      | Noticed Natasha
  3017 | D:3      | Noticed Robin
  3020 | D:3      | Killed Natasha
  3045 | D:3      | Killed Robin
  3046 | D:3      | Reached XP level 5. HP: 14/46 MP: 2/5
  3392 | D:3      | Noticed Natasha
  3401 | D:3      | Killed Natasha
  3598 | D:4      | Noticed Sigmund
  3779 | D:4      | Found a sand-covered staircase.
  3780 | D:4      | Found Extatsis's Armour Shoppe.
  3788 | Ossuary  | Entered an ossuary
  4299 | Ossuary  | Noticed Menkaure
  4310 | Ossuary  | Killed Menkaure
  4311 | Ossuary  | Reached XP level 6. HP: 55/55 MP: 6/6
  4421 | D:4      | Killed Sigmund
  4422 | D:4      | Reached XP level 7. HP: 59/62 MP: 5/7
  4500 | D:4      | Found a hide-covered altar of Uskayaw.
  4572 | D:5      | Entered Level 5 of the Dungeon
  4709 | D:5      | Noticed Duvessa
  4728 | D:5      | Killed Duvessa
  4753 | D:5      | Noticed Dowan
  5104 | D:5      | Killed Dowan
  5686 | D:6      | Reached XP level 8. HP: 62/72 MP: 5/8
  5831 | D:6      | Reached skill level 10 in Fighting
  5834 | D:6      | Reached skill level 3 in Polearms
  5931 | D:6      | Found a staircase to the Ecumenical Temple.
  5939 | Temple   | Entered the Ecumenical Temple
  5972 | Temple   | Became a worshipper of Gozag Ym Sagoz the Greedy
  6215 | D:6      | Reached skill level 4 in Polearms
  6238 | D:6      | Reached skill level 5 in Polearms
  6252 | D:6      | Reached skill level 6 in Polearms
  6615 | D:6      | Reached XP level 9. HP: 70/78 MP: 9/9
  6736 | D:6      | Found a blossoming altar of Fedhas.
  7079 | D:6      | Reached skill level 7 in Polearms
  7522 | D:7      | Found a shadowy altar of Dithmenos.
  7662 | D:7      | Noticed Pikel
  7664 | D:7      | Reached skill level 8 in Polearms
  7680 | D:7      | Killed Pikel
  7700 | D:7      | Reached skill level 9 in Polearms
  8018 | D:7      | Found a snail-covered altar of Cheibriados.
  8098 | D:7      | Found a radiant altar of Vehumet.
  8596 | D:8      | Found a shimmering blue altar of Sif Muna.
  8706 | D:8      | Found a broken altar of Ashenzari.
  8723 | D:8      | Reached XP level 10. HP: 85/85 MP: 8/10
  8952 | D:8      | Noticed a two-headed ogre
  9254 | D:9      | Reached skill level 10 in Polearms
  9708 | D:9      | Found a basalt altar of Yredelemnul.
 10518 | D:9      | Reached skill level 11 in Polearms
 11134 | D:10     | Entered Level 10 of the Dungeon
 11602 | D:10     | Reached skill level 12 in Polearms
 11615 | D:10     | Reached XP level 11. HP: 83/90 MP: 11/11
 11953 | D:11     | Found a stormy altar of Qazlal.
 11987 | D:11     | Found a staircase to the Orcish Mines.
 12042 | D:11     | Found a staircase to the Lair.
 12178 | D:11     | Noticed a boulder beetle
 12211 | D:11     | HP: 2/90 [manticore (4)]
 12211 | D:11     | Slain by a manticore

Illustrated notes

Levels and vault maps discovered:
D:1:      dpeg_arrival_ternary, layout_loops_ring
D:2:      layout_basic, minivault_5, minmay_joined_circles
D:3:      layout_loops_ring, mainiacjoe_overflow_catwalk_spiral, serial_shops,
          shop, uniq_robin, uniq_natasha
D:4:      layout_cave_pools, lemuel_coloured_pillars_altar, serial_shops,
          nicolae_shop_temple_entry_statues_fountains, enter_ossuary_1,
          uniq_sigmund
D:5:      layout_basic, uniq_duvessa
D:6:      layout_basic, fedhas_ov_isle_minmay, nicolae_tso_carved_into_rock,
          minmay_temple_entry_glassed_door, lemuel_flamethrower_1
D:7:      layout_basic, mainiacjoe_overflow_paths,
          mainiacjoe_overflow_concentric_impassable, general_overflow_altar,
          uniq_pikel
D:8:      layout_basic, mainiacjoe_overflow_cross_hatched,
          nicolae_ashenzari_skybound
D:9:      layout_loops_corners, yredelemnul_forgotten_temple_becter
D:10:     layout_roguey
D:11:     layout_rooms, david_lair_generic, david_orc_2,
          nicolae_qazlal_style_of_elements
Temple:   minmay_temple_curvy_loop

Skill      XL: |  1  2  3  4  5  6  7  8  9 10 |
---------------+-------------------------------+-----
Fighting       | 4 5 7 8 9 10 | 10.0
Polearms       | 6 9 12 | 12.5
Dodging        | |  2.4
Stealth        | |  1.5

Action                   |  1- 3 |  4- 6 |  7- 9 | 10-12 || total
-------------------------+-------+-------+-------+-------++-------
Melee: Spear             |   184 |    11 |       |       ||   195
       Halberd           |       |   259 |   290 |   306 ||   855
Evoke: Wand              |       |       |     3 |     5 ||     8
  Use: Scroll            |     1 |     9 |     5 |     5 ||    20
 Stab: Sleeping          |     5 |     3 |     1 |     1 ||    10
       Distracted        |       |       |     2 |     2 ||     4
Armor: Robe              |     4 |       |       |       ||     4
       Leather armour    |    24 |       |       |       ||    24
       Ring mail         |    15 |    73 |    86 |    80 ||   254
Dodge: Dodged            |    75 |   155 |   187 |   151 ||   568
Block: Buckler           |     7 |     3 |       |       ||    10

Table legend: (Time is in decaauts)
 A = Elapsed time spent in this place.
 B = Non-inter-level travel time spent in this place.
 C = Inter-level travel time spent in this place.
 D = Time resting spent in this place.
 E = Time spent auto-exploring this place.
 F = Levels seen in this place.
 G = Mean time per level.
                   A        B        C        D        E       F      G
               +--------+--------+--------+--------+--------+-----+--------+
         Total |  12353 |  11514 |    839 |   1176 |   8099 |  13 |  950.2 |
       Dungeon |  11528 |  10719 |    809 |   1176 |   7617 |  11 | 1048.0 |
        Temple |    217 |    187 |     30 |      0 |    183 |   1 |  217.0 |
       Ossuary |    606 |    606 |      0 |      0 |    299 |   1 |  606.0 |
               +--------+--------+--------+--------+--------+-----+--------+

Top non-repeatable levels by time:
     D:9: 2029 daAuts
     D:2: 1665 daAuts
     D:6: 1368 daAuts
     D:5: 1221 daAuts
     D:3: 1021 daAuts
     D:7: 1014 daAuts
     D:1: 880 daAuts
    D:10: 807 daAuts
     D:4: 685 daAuts
 Ossuary: 606 daAuts
     D:8: 581 daAuts
    D:11: 252 daAuts
  Temple: 217 daAuts
